 Dungeon Crawl Stone Soup version 0.31-a0-198-g2ad674f65e (webtiles) character file.

Game seed: 10412258245314050046

111 qw the Shooter (level 4, -1/25 HPs)
             Began as a Deep Elf Hunter on June 25, 2023.
             Killed from afar by an orc wizard (7 damage)
             ... with a magic dart
             ... on level 3 of the Dungeon.
             The game lasted 00:00:47 (1607 turns).

qw the Shooter (Deep Elf Hunter)                    Turns: 1607, Time: 00:00:48

Health: -1/25      AC:  4    Str: 10    XL:     4   Next: 62%
Magic:  6/6        EV: 13    Int: 14    God:
Gold:   172        SH:  0    Dex: 21    Spells: 3/3 levels left

rFire   . . .        Y - +0 shortbow
rCold   . . .        (shield currently unavailable)
rNeg    + . .        a - +1 leather armour of Jodinab {rPois rN+ Will- Dex+3}
rPois   +            (no helmet)
rElec   .            (no cloak)
rCorr   .            (no gloves)
SInv    .            (no boots)
Will    .....        (no amulet)
Stlth   +            (no ring)
HPRegen 0.24/turn    (no ring)
MPRegen 0.10/turn

%: no passive effects
@: confused
A: no striking features
a: no special abilities


You were on level 3 of the Dungeon.
You visited 1 branch of the dungeon, and saw 3 of its levels.

You collected 172 gold pieces.


   Skills:
 - Level 1.5 Fighting
 + Level 7.8 Ranged Weapons
 - Level 3.0 Dodging
 - Level 1.2 Stealth


You had 3 spell levels left.
You didn't know any spells.
Your spell library was empty.

Inventory:

Hand Weapons
 Y - a +0 shortbow (weapon)
Armour
 a - the +1 leather armour of Jodinab (worn) {rPois rN+ Will- Dex+3}
   (You found it on level 2 of the Dungeon)

   Dex:       It affects your dexterity (+3).
   rPois:     It protects you from poison.
   rN:        It protects you from negative energy.
   Will:      It decreases your willpower.
 j - a +0 ring mail
Scrolls
 d - a scroll of identify
 g - 2 scrolls of teleportation
 h - a scroll of poison {unknown}
Potions
 b - 2 potions of brilliance {unknown}
 c - 2 potions of attraction {unknown}
 e - a potion of cancellation {unknown}
 i - 2 potions of lignification {unknown}
 k - a potion of magic {unknown}

Dungeon Overview and Level Annotations

Branches:
Dungeon (3/15)

Altars:
Dithmenos
Nemelex Xobeh
Sif Muna


Message History

A puff of flame appears from out of thin air!
The puff of flame hits you!
1582 ||| FLEEEEING.
1583 ||| FLEEEEING.
A magic dart appears from out of thin air!
The magic dart hits you!
1584 ||| FLEEEEING.
1585 ||| FLEEEEING.
1586 ||| FLEEEEING.
Something tries to affect you, but you resist.
1587 ||| FLEEEEING.
1588 ||| FLEEEEING.
1589 ||| STILL FLEEEEING.
1590 ||| STILL FLEEEEING.
1591 ||| FLEEEEING.
1592 ||| FLEEEEING.
1593 ||| STILL FLEEEEING.
1594 ||| STILL FLEEEEING.
Enter note:
1595 ||| STILL FLEEEEING.
1596 ||| STILL FLEEEEING.
Enter note:
1597 ||| STILL FLEEEEING.
1598 ||| STILL FLEEEEING.
1599 ||| STILL FLEEEEING.
1600 ||| STILL FLEEEEING.
1601 ||| FLEEEEING.
Items here: % ) [[.
1602 ||| FLEEEEING.
1603 ||| FLEEEEING.
1604 ||| STILL FLEEEEING.
Something tries to affect you, but you resist.
1605 ||| STILL FLEEEEING.
An orc wizard appears from thin air!
Reactivating autopickup.
The orc wizard points at you and mumbles some strange words.
You are confused.
The orc wizard casts a spell at you. The magic dart hits you!
You die...

## #......### .#
#......# .##
#....o.# ..###
#.....o# #...###
#..)..## ###.%.#
####..# #
###.#### #...## #
#....# #.###
#....# #@# #....#
#.# #....# ##.#
#....# #..#
###.#####
#.#####.#
#.%...###.......#
##..#.....#######
#.....##.#
#.##...#.#


You could see an orc wizard and an orc.

Vanquished Creatures
  An orc wizard (D:3)
  A gnoll (D:1)
  2 adders (D:2)
  2 dart slugs
  2 orcs (D:3)
  8 ball pythons
  7 endoplasms
  5 giant cockroaches
  2 goblins (D:1)
  6 hobgoblins
  4 jackals (D:2)
  4 kobolds
  2 quokkas
  6 bats (D:2)
  4 frilled lizards
  5 rats
61 creatures vanquished.

Notes
Turn   | Place    | Note
-------+----------+-------------------------------------------
     0 | D:1      | qw the Deep Elf Hunter began the quest for the Orb.
     0 | D:1      | Reached XP level 1. HP: 12/12 MP: 3/3
     0 | D:1      | 0 ||| qw: Version: 0.3-a-22-g0ed2b0b
     0 | D:1      | 0 ||| qw: Game counter: 5123
     0 | D:1      | 0 ||| qw: Melee chars always use a shield: true
     0 | D:1      | 0 ||| qw: God list: Okawaru
     0 | D:1      | 0 ||| qw: Allow faded altars: false
     0 | D:1      | 0 ||| qw: Do Orc after clearing Dungeon:15 true
     0 | D:1      | 0 ||| qw: Do second Lair branch before Depths: true
     0 | D:1      | 0 ||| qw: Lair rune preference: random
     0 | D:1      | 0 ||| qw: Goals: Normal
     0 | D:1      | 0 ||| PLANNING D:1-11
    85 | D:1      | Reached XP level 2. HP: 16/16 MP: 4/4
    94 | D:1      | Reached skill level 6 in Ranged Weapons
   137 | D:1      | HP: 4/16 [gnoll/+0 club (6)]
   285 | D:1      | Reached XP level 3. HP: 20/20 MP: 5/5
   585 | D:1      | 585 ||| READING 2 scrolls labelled DUXECE VUSYPS.
   586 | D:1      | 586 ||| READING scroll labelled POLUITA VUAJI.
   587 | D:1      | 587 ||| READING scroll labelled IMIAPN GIOLA.
   588 | D:1      | 588 ||| DROPPING scroll of fog.
   589 | D:1      | 589 ||| DROPPING scroll of butterflies.
   627 | D:2      | Identified the +1 leather armour of Jodinab {rPois rN+
                  | Will- Dex+3}
   663 | D:2      | Reached skill level 7 in Ranged Weapons
  1054 | D:2      | Reached XP level 4. HP: 25/25 MP: 6/6
  1142 | D:2      | 1142 ||| UPGRADING to +1 leather armour of Jodinab {rPois
                  | rN+ Will- Dex+3}.
  1152 | D:2      | 1152 ||| DROPPING +0 leather armour.
  1153 | D:2      | 1153 ||| READING 2 scrolls labelled WUSAUC GOMNUMA.
  1156 | D:2      | 1156 ||| READING scroll labelled BOISEX XEGRAH.
  1157 | D:2      | 1157 ||| STAIRDANCE
  1259 | D:1      | 1259 ||| READING scroll labelled KURAAH IXZO.
  1260 | D:1      | 1260 ||| DRINKING 2 sedimented white potions.
  1293 | D:3      | 1293 ||| STAIRDANCE
  1422 | D:3      | Found a sparkling altar of Nemelex Xobeh.
  1422 | D:3      | Found a shimmering blue altar of Sif Muna.
  1432 | D:3      | Found a shadowy altar of Dithmenos.
  1453 | D:3      | Reached skill level 3 in Dodging
  1568 | D:3      | 1568 ||| DRINKING potion of curing.
  1568 | D:3      | 1568 ||| (to cure confusion)
  1574 | D:3      | 1574 ||| FLEEEEING.
  1576 | D:3      | 1576 ||| FLEEEEING.
  1580 | D:3      | 1580 ||| FLEEEEING.
  1581 | D:3      | 1581 ||| FLEEEEING.
  1582 | D:3      | 1582 ||| FLEEEEING.
  1583 | D:3      | 1583 ||| FLEEEEING.
  1583 | D:3      | HP: 1/25 [something/magic dart (7)]
  1584 | D:3      | 1584 ||| FLEEEEING.
  1585 | D:3      | 1585 ||| FLEEEEING.
  1586 | D:3      | 1586 ||| FLEEEEING.
  1587 | D:3      | 1587 ||| FLEEEEING.
  1588 | D:3      | 1588 ||| FLEEEEING.
  1591 | D:3      | 1591 ||| FLEEEEING.
  1592 | D:3      | 1592 ||| FLEEEEING.
  1601 | D:3      | 1601 ||| FLEEEEING.
  1602 | D:3      | 1602 ||| FLEEEEING.
  1603 | D:3      | 1603 ||| FLEEEEING.
  1607 | D:3      | Killed from afar by an orc wizard

Levels and vault maps discovered:
D:1:      scummos_arrival_simple_fountains, layout_basic
D:2:      minmay_chambers_of_twos, layout_basic
D:3:      layout_basic, grunt_dithmenos_smoke, nicolae_overflow_two_pavilions

Skill      XL: |  1  2  3  4 |
---------------+-------------+-----
Ranged Weapons | 6 7 |  7.8
Dodging        | 3 |  3.0
Fighting       | |  1.5
Stealth        | |  1.2

Action                     |  1- 3 |  4- 6 || total
---------------------------+-------+-------++-------
   Fire: Shortbow          |   109 |    62 ||   171
    Use: Scroll            |     3 |     3 ||     6
         Potion            |       |     2 ||     2
 Armour: Leather armour    |    11 |     8 ||    19
  Dodge: Dodged            |    22 |    21 ||    43

Table legend:
 A = Non-vault XP
 B = Vault XP
 C = Vault XP percentage of total XP
 D = Non-vault monster count
 E = Vault monster count
 F = Vault count percentage of total count
                 A         B        C        D         E       F
            +---------+---------+-------+---------+---------+-------
      Total |     136 |      23 |  14.5 |      53 |       8 |  13.1
            +---------+---------+-------+---------+---------+-------
        D:1 |      57 |       0 |   0.0 |      24 |       0 |   0.0
        D:2 |      41 |      23 |  35.9 |      16 |       8 |  33.3
        D:3 |      38 |       0 |   0.0 |      13 |       0 |   0.0
            +---------+---------+-------+---------+---------+-------
